 Dungeon Crawl Stone Soup version 0.27.1 (webtiles) character file.

Game seed: 2476104717270536245

119 ZARRMARR the Ducker (level 5, -3/34 (36) HPs)
             Began as an Octopode Transmuter on Sept 4, 2021.
             Slain by Crazy Yiuf (14 damage)
             ... on level 3 of the Dungeon.
             The game lasted 00:06:42 (2549 turns).

ZARRMARR the Ducker (Octopode Transmuter)           Turns: 2549, Time: 00:07:12

HP:   -3/34 (36)    AC:  8    Str:  9    XL:     5   Next: 3%
MP:   8/8           EV: 14    Int: 17    God:
Gold: 140           SH:  0    Dex: 12    Spells: 7/8 levels left

rFire    . . .     SeeInvis .   h - +2 mace (protect)
rCold    . . .     Faith    .   (no shield)
rNeg     . . .     Spirit   .   (helmet restricted)
rPois    .         Reflect  .   (no amulet)
rElec    .         Harm     .   (no ring)
rCorr    .         Rampage  .   (no ring)
Will     .....                  (no ring)
Stlth    ++........             (no ring)
HPRegen  0.11/turn              (no ring)
MPRegen  0.11/turn              (no ring)
                                (no ring)
                                (no ring)

@: under a protective aura, drained
A: almost no armour, amphibious, 8 rings, camouflage 1, gelatinous body 1,
(nimble swimmer 1), tentacles
a: no special abilities


You were on level 3 of the Dungeon.
You visited 1 branch of the dungeon, and saw 3 of its levels.

You collected 140 gold pieces.

Inventory:

Hand Weapons
 c - a +0 dagger of protection
 h - a +2 mace of protection (weapon)
Wands
 a - a wand of flame (15)
 e - a wand of iceblast (11)
Scrolls
 b - 3 scrolls of identify {unknown}
 d - a scroll of magic mapping {unknown}
 f - a scroll of silence {unknown}
Potions
 g - a potion of haste {unknown}
 i - a potion of curing {unknown}


   Skills:
 + Level 3.3 Fighting
 + Level 3.8 Dodging
 - Level 3.0 Unarmed Combat
 - Level 2.0 Spellcasting
 - Level 2.0 Transmutations


You had 7 spell levels left.
You knew the following spells:

 Your Spells              Type           Power      Damage    Failure   Level
a - Beastly Appendage     Tmut           16%        N/A       9%          1

Your spell library contained the following spells:

 Spells                   Type           Power      Damage    Failure   Level
 Wereblood                Tmut           8%         N/A       13%         2
 Freeze                   Ice            4%         1d3       19%         1
 Spider Form              Tmut/Pois      2%         N/A       36%         3
 Frozen Ramparts          Ice            2%         1d2       50%         3
 Ice Form                 Ice/Tmut       5%         N/A       77%         4
 Hailstorm                Conj/Ice       1%         3d3       88%         4


Dungeon Overview and Level Annotations

Branches:
Dungeon (3/15)

Altars:
Gozag
Vehumet

Annotations:
D:3 Crazy Yiuf


Innate Abilities, Weirdness & Mutations

You cannot wear most types of armour.
You are amphibious.
You can wear up to eight rings at the same time.
Your skin changes colour to match your surroundings (Stealth+).
Your rubbery body absorbs attacks. (AC +1, EV +1)
((You are camouflaged near water. (Stealth+)))
You have tentacles for arms and can constrict up to eight enemies at once.


Message History

You see here a +0 dagger.
There is an open door, spattered with blood here.
You see here an adder corpse.
You see here an adder corpse.
There is a large open door here.
There is a large open door here.
There is an open door here.
There is a stone staircase leading down here.
You see here a +0 mace.
You see here a +0 mace.
You see here a +0 mace.
You see here a +0 mace.
You see here a +0 mace.
Could not explore, unopened runed door.
Press: ? - help, v - describe, . - travel, g - get item Item here: a +0 mace.
The floor.
Unknown command.
You open the door.
There is an open translucent door here.
You see here a +0 mace of protection.
You see here a +0 mace.
The helpless Crazy Yiuf fails to defend himself.
You hit Crazy Yiuf but do no damage.
Your weapon exudes an aura of protection.
Your grab misses Crazy Yiuf.
Crazy Yiuf hits you with a +3 quarterstaff of chaos.
Crazy Yiuf burns you.
Crazy Yiuf hits you with a +3 quarterstaff of chaos.
Crazy Yiuf freezes you.
You completely miss Crazy Yiuf. Your grab misses Crazy Yiuf.
Crazy Yiuf cries, "Announcement!
Powder broken snail."
Crazy Yiuf misses you.
You hit Crazy Yiuf. You grab Crazy Yiuf.
Crazy Yiuf is lightly wounded.
You constrict Crazy Yiuf.
Crazy Yiuf hits you with a +3 quarterstaff of chaos!
You feel drained.
Crazy Yiuf hits you with a +3 quarterstaff of chaos!
You die...

#.###...#...........##.......#
#....)..#..###......######.###
#.##....##.#
#####'#######)#####
##.########## ###...........#
....# #...........#
##.####♣♣♣♣♣ #...........#
##.##...)♣)♣♣♣#####
#...........#
##.#.....)♣))♣#)))#
#...........#
##.......♣♣♣♣)')@g#
#...........# ##......♣♣
♣♣#)))# #...........#
##...##♣♣ ##### #...........#
.....# #...........# ##...#
#############
#...################..#
#.####...........†....# #.#
#.##†....####....#
#.####†##.....# #....#


You could see Crazy Yiuf.

Vanquished Creatures
  Jessica (D:2)
  3 adders
  An ufetubus (D:3)
  3 worms (D:2)
  3 dart slugs
  An orc (D:3)
  4 ball pythons
  5 bats
  An endoplasm (D:2)
  A giant cockroach (D:2)
  6 goblins
  3 hobgoblins
  5 kobolds
  2 quokkas (D:2)
  2 frilled lizards
  7 rats
48 creatures vanquished.

Notes
Turn   | Place    | Note
-------+----------+-------------------------------------------
     0 | D:1      | ZARRMARR the Octopode Transmuter began the quest for the
                  | Orb.
     0 | D:1      | Reached XP level 1. HP: 13/13 MP: 3/3
   702 | D:2      | Found a faded altar of an unknown god.
   714 | D:2      | Reached XP level 2. HP: 18/18 MP: 3/5
   949 | D:2      | Noticed Jessica
   967 | D:2      | Killed Jessica
   968 | D:2      | Reached XP level 3. HP: 11/25 MP: 4/6
  1421 | D:2      | Reached XP level 4. HP: 21/30 MP: 7/7
  1941 | D:3      | Found a runed translucent door.
  1942 | D:3      | Noticed Crazy Yiuf
  2108 | D:3      | Found a radiant altar of Vehumet.
  2172 | D:3      | Found an opulent altar of Gozag.
  2403 | D:3      | Reached XP level 5. HP: 33/36 MP: 8/8
  2549 | D:3      | Slain by Crazy Yiuf

Illustrated notes

Levels and vault maps discovered:
D:1:      nzn_arrival_water_spiral, layout_basic, minivault_14
D:2:      layout_basic, hellmonk_ecumenical_altar_run_dry, uniq_jessica
D:3:      layout_basic, vehumet_crystals,
          nicolae_gozag_cash_rules_everything_around_me, uniq_crazy_yiuf_cottage

Skill      XL: |  1  2  3  4 |
---------------+-------------+-----
Fighting       | 2 3 |  3.3
Dodging        | 3 |  3.8
Unarmed Combat | |  3.0
Spellcasting   | |  2.0
Transmutations | |  2.0

Action                   |  1- 3 |  4- 6 || total
-------------------------+-------+-------++-------
Melee: Unarmed           |    44 |       ||    44
       Constrict         |    16 |    19 ||    35
       Kick              |    12 |       ||    12
       Tentacles         |     7 |    11 ||    18
       Punch             |     2 |     2 ||     4
       Dagger            |     8 |    50 ||    58
       Mace              |       |    19 ||    19
 Cast: Beastly Appendage |    18 |       ||    18
Evoke: Wand              |     3 |     1 ||     4
  Use: Scroll            |     1 |       ||     1
 Stab: Sleeping          |     4 |     6 ||    10
Armor: Skin              |     9 |    14 ||    23
Dodge: Dodged            |    24 |    37 ||    61
